 Dungeon Crawl Stone Soup version 0.20.0-15-g7f486f2 (console) character file.

56 removed the Ruffian (level 3, 0/28 HPs)
             Began as a Centaur Transmuter on June 11, 2017.
             Was an Initiate of Okawaru.
             Slain by a jackal (1 damage)
             ... on level 2 of the Dungeon.
             The game lasted 00:01:33 (1934 turns).

removed the Ruffian (Centaur Transmuter)            Turns: 1934, Time: 00:01:33

Health: 0/28       AC:  4    Str: 13    XL:     3   Next: 71%
Magic:  14/14      EV:  9    Int: 12    God:    Okawaru [......]
Gold:   28         SH:  0    Dex:  9    Spells: 4/5 levels left

rFire    . . .     SeeInvis .     - Unarmed
rCold    . . .     Gourm    .   (no shield)
rNeg     . . .     Faith    .   b - +0 robe
rPois    .         Spirit   .   (no helmet)
rElec    .         Reflect  .   (no cloak)
rCorr    .         Harm     .   (no gloves)
MR       .....                  (no barding)
Stlth    +.........             (no amulet)
Regen    0.1/turn               e - ring of magical power
MPRegen  0.2/turn               (no ring)

@: very quick
A: hooves 3, deformed body, speed 2, tough skin 3
a: Renounce Religion


You were on level 2 of the Dungeon.
You worshipped Okawaru.
Okawaru was noncommittal.
You were not hungry.

You visited 1 branch of the dungeon, and saw 2 of its levels.

You collected 28 gold pieces.

Inventory:

Missiles
 a - 12 arrows
 g - 2 throwing nets (quivered)
Armour
 b - a +0 robe (worn)
Jewellery
 e - a ring of magical power (left hand)
Scrolls
 f - 4 scrolls of identify {unknown}
Potions
 h - a potion of curing {unknown}
Books
 c - a book of Changes

   Spells                             Type                      Level
   a - Beastly Appendage              Transmutation                1
   b - Sticks to Snakes               Transmutation                2
   c - Spider Form                    Transmutation/Poison         3
   d - Ice Form                       Ice/Transmutation            4
   e - Blade Hands                    Transmutation                5
Comestibles
 d - 3 bread rations
 i - 2 chunks of flesh


   Skills:
 - Level 1.0 Fighting
 - Level 1.3 Dodging
 + Level 4.7 Unarmed Combat
 - Level 1.5 Spellcasting
 - Level 1.7 Transmutations


You had 4 spell levels left.
You knew the following spells:

 Your Spells              Type           Power        Failure   Level  Hunger
a - Beastly Appendage     Tmut           #.....       14%         1    ##.....


Dungeon Overview and Level Annotations

Branches:
Dungeon (2/15)

Altars:
Okawaru


Innate Abilities, Weirdness & Mutations

You have hooves in place of feet.
Armour fits poorly on your strangely shaped body.
You cover ground very quickly.
You have extremely tough skin. (AC +3)


Message History

Unknown command.
You closely miss the hobgoblin. Your kick misses the hobgoblin.
The hobgoblin is moderately wounded.
The jackal bites you but does no damage.
The hobgoblin hits you with a club.
* * * LOW HITPOINT WARNING * * *
The jackal bites you but does no damage.
Unknown command.
You see here a jackal corpse.
You hit the jackal but do no damage. The jackal closely misses you.
Unknown command.
You hit the jackal.
The jackal is severely wounded.
The jackal bites you but does no damage.
The jackal closely misses you.
Unknown command.
You closely miss the jackal. You kick the jackal, but do no damage.
The jackal is severely wounded.
The jackal bites you.
You die...

#####.....###.#
##.##....#
.............(#
#.##....#
..............###
#..#....#
.....gK.h......(#
##.#....#
........hh......#
#.#....#
....########..(.#
#......# . ##.#.#.#.()<#
##...... ##≈≈≈≈≈≈##(#.#
#..#... #_.....@hg.#.#
##.#...
##≈≈≈≈≈≈#..#.######.....
#.#.#.###.#.......#....
####### #.....###.#....
#.....# #.#.... #.....#
#.##... ##########.....#
#.##... #........#.....#
#.##.>.
######........#.....#
#.##...


You could see a jackal and a hobgoblin.

Vanquished Creatures
  2 adders (D:2)
  2 dart slugs (D:1)
  An orc (D:2)
  A ball python (D:1)
  2 giant cockroaches
  4 hobgoblins
  5 jackals
  A quokka (D:2)
  A bat (D:2)
  A frilled lizard (D:2)
  4 goblins
  5 kobolds
  2 rats (D:1)
31 creatures vanquished.

Notes
Turn   | Place    | Note
-------+----------+-------------------------------------------
     0 | D:1      | removed the Centaur Transmuter began the quest for the Orb.
     0 | D:1      | Reached XP level 1. HP: 16/16 MP: 3/3
    69 | D:1      | Reached XP level 2. HP: 15/23 MP: 4/4
   799 | D:2      | Found an iron altar of Okawaru.
   813 | D:2      | Reached skill level 4 in Unarmed Combat
  1255 | D:2      | Reached XP level 3. HP: 21/28 MP: 5/5
  1266 | D:2      | Became a worshipper of Warmaster Okawaru
  1930 | D:2      | HP: 1/28 [hobgoblin/club (2)]
  1934 | D:2      | Slain by a jackal

Skill      XL: |  1  2 |
---------------+-------+-----
Unarmed Combat | 4 |  4.7
Fighting       | |  1.0
Dodging        | |  1.3
Spellcasting   | |  1.5
Transmutations | |  1.7

Action                   || total
-------------------------++-------
Melee: Unarmed           ||   142
       Kick              ||    21
       Punch             ||     2
  Eat: Bread ration      ||     1
Armor: Robe              ||    60
Dodge: Dodged            ||   104
